 Dungeon Crawl Stone Soup version 0.29-a0-397-g846e4a0bbc (webtiles) character file.

Game seed: 16228269663199225098

427 zeratav the Digger (level 6, -3/36 HPs)
             Began as an Octopode Earth Elementalist on May 12, 2022.
             Slain by Pikel
             ... wielding a +0 whip of freezing
              (6 damage)
             ... on level 3 of the Dungeon.
             The game lasted 00:05:56 (4968 turns).

zeratav the Digger (Octopode Earth Elementalist)    Turns: 4968, Time: 00:05:56

Health: -3/36      AC:  1    Str:  8    XL:     6   Next: 97%
Magic:  1/12       EV: 13    Int: 19    God:
Gold:   138        SH:  0    Dex: 12    Spells: 9/13 levels left

rFire   . . .      SeeInvis .   q - staff of conjuration {@e2staff}
rCold   . . .      Faith    .   (no shield)
rNeg    . . .      Spirit   .   (helmet restricted)
rPois   .          Reflect  .   (no amulet)
rElec   .          Harm     .   (no ring)
rCorr   .          Rampage  .   (no ring)
Will    .....                   (no ring)
Stlth   +++.......              (no ring)
HPRegen 0.12/turn               (no ring)
MPRegen 0.13/turn               (no ring)
                                (no ring)
                                (no ring)

@: very slightly contaminated
A: almost no armour, amphibious, 8 rings, camouflage 1, gelatinous body 1,
(nimble swimmer 1), tentacles
a: no special abilities


You were on level 3 of the Dungeon.
You visited 1 branch of the dungeon, and saw 4 of its levels.
You also visited: Sewer.

You collected 162 gold pieces.
You spent 24 gold pieces at shops.


Innate Abilities, Weirdness & Mutations

You cannot wear most types of armour.
You are amphibious.
You can wear up to eight rings at the same time.
Your skin changes colour to match your surroundings (Stealth+).
Your rubbery body absorbs attacks. (AC +1, EV +1)
((You are camouflaged when in or above water. (Stealth+)))
You have tentacles for arms and can constrict up to eight enemies at once.


   Skills:
 - Level 2.0 Dodging
 - Level 2.6 Stealth
 + Level 4.1 Spellcasting
 - Level 1.0 Transmutations
 * Level 6.4 Earth Magic


You had 9 spell levels left.
You knew the following spells:

 Your Spells              Type           Power      Damage    Failure   Level
a - Sandblast             Erth           56%        2d13      1%          1
b - Stone Arrow           Conj/Erth      48%        3d10      11%         3

Your spell library contained the following spells:

 Spells                   Type           Power      Damage    Failure   Level
 Passwall                 Tmut/Erth      15%        N/A       4%          2
 Corpse Rot               Necr/Air       6%         N/A       21%         2
 Petrify                  Tmut/Erth      18%        N/A       28%         4
 Dispel Undead            Necr           3%         3d7       80%         4
 Death Channel            Necr           1%         N/A       100%        6

Inventory:

Hand Weapons
 s - a +1 vampiric whip {mace}
   (You took it off a kobold on level 4 of the Dungeon)
Missiles
 a - 94 stones {throwing}
Magical Staves
 q - a staff of conjuration (weapon) {@e2staff}
   (You found it on level 3 of the Dungeon)
Jewellery
 f - an amulet of the acrobat
   (You found it on level 4 of the Dungeon)
Wands
 r - a wand of charming (11)
   (You found it on level 3 of the Dungeon)
Scrolls
 c - a scroll of torment {!r}
 l - a scroll of teleportation {@r4}
 m - a scroll of enchant weapon
 o - a scroll of noise {unknown}
 p - 2 scrolls of fog
 t - a scroll of identify {@r1}
Potions
 b - 2 potions of magic
 d - a potion of might {unknown}
 e - a potion of invisibility {unknown}
 g - 2 potions of heal wounds {unknown}
 h - 2 potions of curing {unknown}
 i - 2 potions of resistance
 j - a potion of degeneration {unknown}
 k - a potion of lignification {unknown}
 n - a potion of haste {unknown}

Dungeon Overview and Level Annotations

Branches:
Dungeon (4/15)              Sewer (visited)
 Temple: D:4-7

Altars:
Sif Muna

Shops:
D:2 *

Annotations:
D:3 Pikel

########.# ### #.#
#.######.#######
#..........†...#
#.######.#####.#
#.######.#.###.#
#.#....#.#.....#
#.#.##.#.#.#######
.....<.........5@#######
#.#.######.#.###.K.....#
#.#......#.#.###.#####.#
########.#.#.........#.#
##...###.#.#.###.###.#.#
#≈...≈##...#.###.....#.#
≈≈≈#≈≈####....########.##
≈.≈#≈≈##......'.........#
≈.≈#≈.#..#....###########


You could see Pikel and a lemure.


Message History

Your mp is fully restored (12).
s - a +1 vampiric whip {mace}
h - 2 murky golden potions (gained 1)
Found a stone staircase leading up.
A lemure comes into view.
You see here a scroll of identify {@r1}.
t - a scroll of identify {@r1} A lemure is nearby!
Pikel and a lemure come into view.
Pikel is wielding a +0 whip of freezing.
The lemure shouts!
Pikel shouts!
Pikel says, "All the lords of Hell know my name!"
There is a stone staircase leading up here.
Casting: Stone Arrow (quite dangerous; 11% risk of failure)
Confirm with . or Enter, or press ? or * to list all spells.
The spell is quite dangerous to miscast (11% risk of failure)!
Continue anyway?
Aiming: Stone Arrow (quite dangerous; 11% risk of failure)
Press: ? - help, Shift-Dir - straight line, f - Pikel
Aim: Pikel, wielding a +0 whip of freezing and wearing a +0 robe (64% to hit)
You feel a surge of power!
The stone arrow hits Pikel!
A lemure comes into view.
MP[-3]
You lost 3 mp, and now have 9/12 mp.
Casting: Stone Arrow (quite dangerous; 11% risk of failure)
Confirm with . or Enter, or press ? or * to list all spells.
The spell is quite dangerous to miscast (11% risk of failure)!
Continue anyway?
Aiming: Stone Arrow (quite dangerous; 11% risk of failure)
Press: ? - help, Shift-Dir - straight line, f/p - Pikel
Aim: Pikel, wielding a +0 whip of freezing and wearing a +0 robe (moderately wounded, 64% to hit)
You feel a surge of power!
The stone arrow hits Pikel!
A lemure comes into view.
MP[-3]
You lost 3 mp, and now have 6/12 mp.
Casting: Stone Arrow (quite dangerous; 11% risk of failure)
Confirm with . or Enter, or press ? or * to list all spells.
The spell is quite dangerous to miscast (11% risk of failure)!
Continue anyway?
Aiming: Stone Arrow (quite dangerous; 11% risk of failure)
Press: ? - help, Shift-Dir - straight line, f/p - Pikel
Aim: Pikel, wielding a +0 whip of freezing and wearing a +0 robe (heavily wounded, 64% to hit)
You feel a surge of power!
You miscast Stone Arrow.
You are very lightly contaminated with residual magic.
Nothing appears to happen.
The lemure shouts!
MP[-3]
You lost 3 mp, and now have 3/12 mp.
Casting: Stone Arrow (quite dangerous; 11% risk of failure)
Confirm with . or Enter, or press ? or * to list all spells.
Aiming: Sandblast (safe; 1% risk of failure)
Press: ? - help, Shift-Dir - straight line, f/p - Pikel
Aim: Pikel, wielding a +0 whip of freezing and wearing a +0 robe (heavily wounded, 76% to hit)
The blast of sand hits Pikel but does no damage.
Pikel closely misses you.
MP[-1]
You lost 1 mp, and now have 2/12 mp.
Pikel closely misses you. The lemure closely misses you.
You climb upwards.
There is a stone staircase leading down here.
Casting: Sandblast (safe; 1% risk of failure)
Confirm with . or Enter, or press ? or * to list all spells.
Aiming: Sandblast (safe; 1% risk of failure)
Press: ? - help, Shift-Dir - straight line, f - Pikel
Aim: Pikel, wielding a +0 whip of freezing and wearing a +0 robe (heavily wounded, 76% to hit)
The blast of sand hits Pikel.
The lemure hits you. Pikel waves his whip at you.
Pikel hits you with a +0 whip of freezing!
Pikel freezes you.
* * * LOW HITPOINT WARNING * * *
HP[-18]
You take 18 damage, and now have 18/36 hp.
MASSIVE DAMAGE!! (PAUSE)
You barely miss Pikel. Your grab misses Pikel. The lemure hits you.
* * * LOW HITPOINT WARNING * * *
Pikel misses you.
HP[-5]
You take 5 damage, and now have 13/36 hp.
You closely miss Pikel. Your grab misses Pikel. Your squeeze misses Pikel.
The lemure barely misses you.
Pikel hits you with a +0 whip of freezing.
* * * LOW HITPOINT WARNING * * *
Pikel freezes you.
* * * LOW HITPOINT WARNING * * *
HP[-2]
You take 2 damage, and now have 11/36 hp.
You hit Pikel but do no damage. Your grab misses Pikel.
The lemure barely misses you.
Pikel hits you with a +0 whip of freezing.
* * * LOW HITPOINT WARNING * * *
Pikel freezes you.
* * * LOW HITPOINT WARNING * * *
HP[-8]
You take 8 damage, and now have 3/36 hp.
MASSIVE DAMAGE!! (PAUSE)
Casting: Sandblast (safe; 1% risk of failure)
Confirm with . or Enter, or press ? or * to list all spells.
Aiming: Sandblast (safe; 1% risk of failure)
Press: ? - help, Shift-Dir - straight line, f/p - Pikel
Aim: Pikel, wielding a +0 whip of freezing and wearing a +0 robe (severely wounded, 76% to hit)
The blast of sand hits Pikel!
The lemure closely misses you.
Pikel hits you with a +0 whip of freezing.
You die...

Skill      XL: |  1  2  3  4  5  6 |
---------------+-------------------+-----
Earth Magic    | 4 5 6 |  6.4
Spellcasting   | 3 4 |  4.1
Dodging        | |  2.0
Stealth        | |  2.6
Transmutations | |  1.0

Action                   |  1- 3 |  4- 6 || total
-------------------------+-------+-------++-------
Melee: Unarmed           |     7 |       ||     7
       Club              |    43 |     3 ||    46
       Constrict         |     9 |     4 ||    13
       Tentacles         |     5 |     4 ||     9
       Hand axe          |       |    15 ||    15
       Staff             |       |     3 ||     3
 Cast: Sandblast         |    26 |    60 ||    86
       Stone Arrow       |       |     5 ||     5
  Use: Scroll            |     3 |     4 ||     7
 Stab: Sleeping          |    10 |     2 ||    12
Armor: Skin              |     8 |     4 ||    12
Dodge: Dodged            |    47 |    16 ||    63

Levels and vault maps discovered:
D:1:      nicolae_arrival_somewhat_less_tricky_arrival, layout_basic
D:2:      cheibrodos_fertilizer, layout_basic, shapermc_ecumenical_altar_ellora,
          serial_shops, nicolae_shop_overgrown_old_shop,
          hangedman_decor_clover_reticule, hangedman_abyss_or_decor_lesser_grid
D:3:      layout_basic, lemuel_crystal_altar, gup_sewer_entry_pipe,
          minmay_cut_off
D:4:      layout_basic, uniq_pikel

Notes
Turn   | Place    | Note
-------+----------+-------------------------------------------
     0 | D:1      | zeratav the Octopode Earth Elementalist began the quest for
                  | the Orb.
     0 | D:1      | Reached XP level 1. HP: 11/11 MP: 3/3
     0 | D:1      | magus.rc [v1.9.6]
   395 | D:1      | Reached XP level 2. HP: 17/17 MP: 5/5
  1428 | D:1      | Reached XP level 3. HP: 9/21 MP: 3/6
  1886 | D:2      | Found Ysoresakk's Assorted Antiques.
  1894 | D:2      | Bought a scroll labelled PYAPTA GYCK for 24 gold pieces
  2132 | D:2      | Found a faded altar of an unknown god.
  2531 | D:2      | Learned a level 3 spell: Stone Arrow
  2641 | D:2      | Reached skill level 4 in Earth Magic
  2728 | D:2      | Reached XP level 4. HP: 27/27 MP: 3/8
  3102 | D:2      | Reached skill level 3 in Spellcasting
  3157 | D:2      | Reached skill level 5 in Earth Magic
  3157 | D:2      | Reached XP level 5. HP: 26/31 MP: 3/9
  3278 | D:3      | You pick up a book of Decay and begin reading...
  3278 | D:3      | You add the spells Corpse Rot, Dispel Undead and Death
                  | Channel to your library.
  3347 | D:3      | Found a shimmering blue altar of Sif Muna.
  3516 | D:3      | Found a glowing drain.
  3579 | Sewer    | Entered a sewer
  3934 | Sewer    | Noticed Pargi
  3951 | Sewer    | Killed Pargi
  3952 | Sewer    | Reached XP level 6. HP: 36/36 MP: 6/11
  4734 | D:4      | Reached skill level 6 in Earth Magic
  4810 | D:4      | Reached skill level 4 in Spellcasting
  4947 | D:4      | Noticed Pikel
  4967 | D:3      | HP: 6/36 [Pikel/+0 whip of freezing (5)]
  4968 | D:3      | Slain by Pikel

Vanquished Creatures
  Pargi (Sewer)
  A phantom (D:4)
  A howler monkey (D:4)
  3 jellies (D:2)
  3 adders
  5 orcs (D:3)
  5 ball pythons
  7 bats
  12 endoplasms
  3 giant cockroaches
  4 goblins
  7 hobgoblins
  7 quokkas
  10 frilled lizards
  11 kobolds
  5 rats
85 creatures vanquished.

Vanquished Creatures (others)
  8 fungi (D:2)
  9 toadstools (D:2)
17 creatures vanquished.

Grand Total: 102 creatures vanquished

Table legend:
 A = Non-vault XP
 B = Vault XP
 C = Vault XP percentage of total XP
 D = Non-vault monster count
 E = Vault monster count
 F = Vault count percentage of total count
                 A         B        C        D         E       F
            +---------+---------+-------+---------+---------+-------
      Total |     275 |     335 |  54.9 |      54 |      31 |  36.5
            +---------+---------+-------+---------+---------+-------
        D:1 |      36 |       0 |   0.0 |      23 |       0 |   0.0
        D:2 |      10 |     161 |  94.2 |       6 |      18 |  75.0
        D:3 |      47 |      16 |  25.4 |      19 |       8 |  29.6
        D:4 |     182 |       0 |   0.0 |       6 |       0 |   0.0
      Sewer |       0 |     158 | 100.0 |       0 |       5 | 100.0
            +---------+---------+-------+---------+---------+-------

Illustrated notes

Table legend:
 A = Kills in this place as a percentage of kills in entire the game.
 B = Kills by you in this place as a percentage of kills by you in the entire game.
 C = Kills by friends in this place as a percentage of kills by friends in the entire game.
 D = Other kills in this place as a percentage of other kills in the entire game.
 E = Experience gained in this place as a percentage of experience gained in the entire game.
 F = Experience gained in this place divided by the number of levels of this place that you have seen.
                   A       B       C       D       E      F
               +-------+-------+-------+-------+-------+----------------------
         Total | 100.0 | 100.0 |   N/A |   N/A | 100.0 | 122.0
       Dungeon |  94.1 |  94.1 |   N/A |   N/A |  74.1 | 113.0
         Sewer |   5.9 |   5.9 |   N/A |   N/A |  25.9 | 158.0
               +-------+-------+-------+-------+-------+----------------------

Table legend: (Time is in decaauts)
 A = Elapsed time spent in this place.
 B = Non-inter-level travel time spent in this place.
 C = Inter-level travel time spent in this place.
 D = Time resting spent in this place.
 E = Time spent auto-exploring this place.
 F = Levels seen in this place.
 G = Mean time per level.
                   A        B        C        D        E       F      G
               +--------+--------+--------+--------+--------+-----+--------+
         Total |   4985 |   4808 |    177 |    168 |   4059 |   5 |  997.0 |
       Dungeon |   4495 |   4318 |    177 |     61 |   3755 |   4 | 1123.8 |
         Sewer |    490 |    490 |      0 |    107 |    304 |   1 |  490.0 |
               +--------+--------+--------+--------+--------+-----+--------+

Top non-repeatable levels by time:
     D:1: 1662 daAuts
     D:2: 1626 daAuts
     D:3: 853 daAuts
   Sewer: 490 daAuts
     D:4: 352 daAuts
